 Dungeon Crawl Stone Soup version 0.30-a0-571-gdf30a72648 (webtiles) character file.

Game seed: 10441365783838667698

9349 billz999 the Carver (level 11, -4/75 HPs)
             Began as a Djinni Ice Elementalist on Dec 29, 2022.
             Was a Priest of Hepliaklqana.
             Slain by a yak (12 damage)
             ... on level 10 of the Dungeon on Dec 30, 2022.
             The game lasted 00:22:16 (9812 turns).

billz999 the Carver (Djinni Ice Elementalist)       Turns: 9812, Time: 00:22:17

Health: -4/75      AC:  4    Str:  7    XL:     11   Next: 72%
Gold:   551        EV: 12    Int: 21    God:    Hepliaklqana [***...] SH:  6 Dex: 20

rFire   + + .      SeeInvis .    j - +2 scimitar (heavy)
rCold   x . .      Faith    .    e - +0 buckler
rNeg    . . .      Spirit   .    a - +0 robe
rPois   ∞          Reflect  .    (no helmet)
rElec   .          Harm     .    (no cloak)
rCorr   .          Rampage  .    o - +1 pair of gloves
Will    ++...                    (boots unavailable)
Stlth   ++                       (no amulet)
HPRegen 0.32/turn                q - +6 ring of dexterity
MPRegen 0.00/turn                E - ring of willpower

@: flying
A: reduced essence, sickness immunity, fire resistance 2, cold vulnerability 1,
float, innate caster, HP casting, extra vitality 1
a: Renounce Religion, Recall Ancestor, Ancestor Identity, Transference


You were on level 10 of the Dungeon.
You worshipped Hepliaklqana.
Hepliaklqana was most pleased with you.
You visited 2 branches of the dungeon, and saw 11 of its levels.

You collected 551 gold pieces.

Inventory:

Hand Weapons
 j - a +2 heavy scimitar (weapon)
 l - a +0 trident of freezing
Missiles
 w - 65 poisoned darts
Armour
 a - a +0 robe (worn)
 e - a +0 buckler (worn)
 o - a +1 pair of gloves (worn)
Jewellery
 q - a +6 ring of dexterity (left hand)
 E - a ring of willpower (right hand)
 H - a ring of resist corrosion
 I - a ring of wizardry
Wands
 n - a wand of digging (5)
 y - a wand of flame (18)
 B - a wand of paralysis (8)
 C - a wand of acid (13)
 F - a wand of roots (3)
 G - a wand of mindburst (7)
Scrolls
 f - a scroll of immolation
 k - 3 scrolls of teleportation
 s - a scroll of poison
 t - a scroll of summoning
 u - 3 scrolls of enchant armour
 v - 3 scrolls of noise
 z - 4 scrolls of identify
 D - a scroll of brand weapon {unknown}
Potions
 b - a potion of magic
 c - 5 potions of flight
 d - 4 potions of lignification {unknown}
 g - 3 potions of ambrosia {unknown}
 h - 2 potions of might {unknown}
 i - 2 potions of attraction {unknown}
 m - a potion of berserk rage {unknown}
 p - 3 potions of curing {unknown}
 r - 2 potions of invisibility {unknown}
 x - 2 potions of mutation {unknown}
 A - a potion of haste {unknown}


   Skills:
 + Level 9.3 Fighting
 - Level 12.0 Long Blades
 - Level 2.1 Dodging
 - Level 1.5 Stealth
 - Level 4.0 Shields
 - Level 5.6 Spellcasting


You couldn't memorise any spells.
You knew the following spells:

 Your Spells              Type           Power      Damage    Failure   Level
a - Freeze                Ice            100%       1d10      1%          1
b - Frozen Ramparts       Ice            58%        1d9       3%          3
c - Ozocubu's Armour      Ice            29%        N/A       3%          3
d - Summon Ice Beast      Ice/Summ       29%        N/A       13%         4
e - Sting                 Tmut/Pois      100%       1d8       1%          1
f - Scorch                Fire           58%        2d8       1%          2
g - Searing Ray           Conj           58%        2d6       1%          2
h - Stone Arrow           Conj/Erth      58%        3d10      3%          3
i - Passage of Golubria   Tloc           29%        N/A       13%         4
Your spell library was empty.

Dungeon Overview and Level Annotations

Branches:
Dungeon (10/15)            Temple (1/1) D:5             Orc (0/2) D:9
   Lair: D:8-11

Altars:
Ashenzari
Cheibriados
Dithmenos
Elyvilon
Fedhas
Gozag
Hepliaklqana
Makhleb
Nemelex Xobeh
Okawaru
Qazlal
Ru
Trog
Uskayaw
Wu Jian
Xom
Yredelemnul
Zin
The Shining One

Shops:
D:5 ?

Portals:
Abyss: D:4

Annotations:
D:4 2 transporters, oldriver's ghost, novice NaAr
D:10 2 transporters, osoart's ghost, journeyman MiFi


Innate Abilities, Weirdness & Mutations

Your life essence is reduced to manifest your ancestor. (-10% HP)
You are immune to sickness and miasma.
You are immune to poison.
Your flesh is very heat resistant. (rF++)
You are vulnerable to cold. (rC-)
You float through the air rather than walking.
You learn spells naturally, not from books.
Your magical power is your life essence.
You have superior vitality. (+4 MHP)


Message History

Your icy armour cracks and falls away as you move.
The frozen ramparts melt away as you move.
Casting: Searing Ray (safe; 1% risk of failure)
Confirm with . or Enter, or press ? or * to list all spells.
Okay, then.
Casting: Searing Ray (safe; 1% risk of failure)
Confirm with . or Enter, or press ? or * to list all spells.
A chill wind blows around you. The yak closely misses you.
The vampire hits your ice beast. The vampire bites your ice beast.
Casting: Summon Ice Beast (dangerous; 13% risk of failure)
Confirm with . or Enter, or press ? or * to list all spells.
Okay, then.
Casting: Summon Ice Beast (dangerous; 13% risk of failure)
Confirm with . or Enter, or press ? or * to list all spells.
Aiming: Stone Arrow (dangerous; 3% risk of failure)
Press: ? - help, Shift-Dir - straight line, f/p - vampire
Aim: a vampire (moderately damaged, ally target, 71% to hit)
The stone arrow misses the yak.
The stone arrow hits the vampire!
The vampire is heavily damaged.
* * * LOW HITPOINT WARNING * * *
The yak gores you!
* * * LOW HITPOINT WARNING * * *
The vampire hits your ice beast but does no damage.
The vampire closely misses your ice beast.
Your ice beast hits the vampire but does no damage.
It was a potion of flight.
You feel more buoyant. The yak misses you. The vampire hits your ice beast!
The vampire bites your ice beast but does no damage.
Your ice beast hits the vampire but does no damage.
Casting: Stone Arrow (dangerous; 3% risk of failure)
Confirm with . or Enter, or press ? or * to list all spells.
Aiming: Stone Arrow (dangerous; 3% risk of failure)
Press: ? - help, Shift-Dir - straight line, f/p - vampire
Aim: a vampire (heavily damaged, not watching you, ally target, 71% to hit)
The stone arrow hits the yak.
The yak is severely wounded.
* * * LOW HITPOINT WARNING * * *
The yak gores you!
You die...

########### ######....
#.........# ###.........
#.........# #...........
#.........###.#....)....
#.........##..#......)..
#.........'..##.........
#.........#####.........
#.....Y...# #.........
#....VY@..# #.........
#####'##### #.........
#†.# #......... #..##
#####..### #.#
######.... .. #.R.......
..Y #.#####.## ...
#.....#... ....
#####.###.


You could see a yak, a vampire (distracted, ally target) and a friendly ice
beast (summoned).

Vanquished Creatures
  A two-headed ogre (D:10)
  A kobold demonologist (D:9)
  A hornet (D:9)
  A shadow (D:10)
  3 wyverns
  Eustachio (D:6)
  8 yaks
  A water moccasin (D:8)
  Menkaure (D:7)
  2 acid dragons
  2 black bears
  4 orc warriors
  An ogre (D:6)
  6 centaurs
  12 kobold brigands
  2 gnoll sergeants
  5 necrophages
  A scorpion (D:5)
  5 wights (D:7)
  3 killer bees (D:8)
  3 howler monkeys
  2 bullfrog zombies (D:6)
  2 gnoll boudas
  5 hounds
  6 orc priests
  A jelly (D:5)
  Ijyb (D:5)
  An iguana (D:5)
  7 orc wizards
  A killer bee zombie (D:6)
  14 gnolls
  5 adders
  A white imp (D:5)
  A worm (D:5)
  A dart slug (D:2)
  55 orcs
  5 ball pythons
  3 bats
  5 endoplasms
  2 giant cockroaches
  5 goblins
  6 hobgoblins
  10 kobolds
  4 quokkas
  A frilled lizard (D:1)
  5 rats
213 creatures vanquished.

Vanquished Creatures (collateral kills)
  A two-headed ogre (D:10)
  2 yaks (D:10)
  A steam dragon (D:9)
  An orc warrior (D:8)
  A black bear (D:5)
  A centaur (D:6)
  6 kobold brigands (D:9)
  A jelly (D:5)
  2 killer bees (D:8)
  A lava snake (D:7)
  2 orc priests
  An iguana (D:5)
  2 orc wizards
  6 gnolls
  An adder (D:6)
  5 orcs
  5 kobolds
39 creatures vanquished.

Vanquished Creatures (others)
  A lava snake (D:7)
  3 hexers
  2 ancestors
  5 bushes (D:6)
  13 plants (D:6)
24 creatures vanquished.

Grand Total: 276 creatures vanquished

Notes
Turn   | Place    | Note
-------+----------+-------------------------------------------
     0 | D:1      | billz999 the Djinni Ice Elementalist began the quest for
                  | the Orb.
     0 | D:1      | billz999 set off with the following spells memorised:
                  | Freeze, Frozen Ramparts, Ozocubu's Armour, Summon Ice
                  | Beast.
     0 | D:1      | Reached XP level 1. HP: 15/15 MP: 0/0
   180 | D:1      | Reached skill level 1 in Shields
   180 | D:1      | Reached XP level 2. HP: 20/21 MP: 0/0
   287 | D:1      | Found a faded altar of an unknown god.
   845 | D:2      | Reached XP level 3. HP: 17/25 MP: 0/0
   845 | D:2      | Learned a level 1 spell: Sting
  1623 | D:3      | Found a hazy altar of Hepliaklqana.
  1642 | D:3      | Became a worshipper of Hepliaklqana the Forgotten
  1654 | D:3      | Reached XP level 4. HP: 23/31 MP: 0/0
  2201 | D:4      | Noticed a small abomination
  2242 | D:4      | Noticed a kobold brigand
  2322 | D:4      | Reached XP level 5. HP: 33/35 MP: 0/0
  2322 | D:4      | Learned a level 2 spell: Scorch
  2676 | D:4      | Noticed oldriver's ghost (novice NaAr)
  2680 | D:4      | Found a one-way gate to the infinite horrors of the Abyss.
  2680 | D:4      | Found a transporter.
  2680 | D:4      | Found a transporter.
  2827 | D:4      | Reached * piety under Hepliaklqana
  2877 | D:4      | Reached XP level 6. HP: 34/36 MP: 0/0
  2920 | D:5      | Entered Level 5 of the Dungeon
  3058 | D:5      | Reached skill level 5 in Spellcasting
  3072 | D:5      | Reached XP level 7. HP: 24/40 MP: 0/0
  3072 | D:5      | Learned a level 2 spell: Searing Ray
  3227 | D:5      | Found Kasafue's Magic Scroll Emporium.
  3235 | D:5      | Identified a scroll of acquirement
  3235 | D:5      | Acquired a +2 heavy scimitar
  3317 | D:5      | Reached skill level 1 in Long Blades
  3318 | D:5      | Reached skill level 1 in Fighting
  3318 | D:5      | Reached skill level 2 in Long Blades
  3467 | D:5      | Found a staircase to the Ecumenical Temple.
  3475 | D:5      | Reached XP level 8. HP: 42/47 MP: 0/0
  3526 | D:5      | Noticed Ijyb
  3533 | D:5      | Killed Ijyb
  3534 | D:5      | Reached skill level 3 in Long Blades
  3789 | Temple   | Entered the Ecumenical Temple
  4196 | D:6      | Found a blossoming altar of Fedhas.
  4267 | D:6      | Reached skill level 4 in Long Blades
  4377 | D:6      | Noticed Eustachio
  4383 | D:6      | Killed Eustachio
  4433 | D:6      | Reached skill level 5 in Long Blades
  4556 | D:6      | Reached XP level 9. HP: 14/55 MP: 0/0
  4556 | D:6      | Learned a level 3 spell: Stone Arrow
  4764 | D:6      | Reached ** piety under Hepliaklqana
  4765 | D:6      | Remembered your ancestor Shiptu as a hexer
  4951 | D:6      | Reached skill level 6 in Long Blades
  5250 | D:6      | Reached skill level 5 in Fighting
  5595 | D:7      | Reached skill level 7 in Long Blades
  5772 | D:7      | Noticed Menkaure
  5776 | D:7      | Killed Menkaure
  6322 | D:7      | Reached skill level 8 in Long Blades
  6322 | D:7      | Reached XP level 10. HP: 40/64 MP: 0/0
  6548 | D:7      | Identified the +1 short sword of Funolew {freeze, rPois
                  | Will- Dex+3}
  7034 | D:8      | Found a shimmering altar of Xom.
  7209 | D:8      | Reached skill level 9 in Long Blades
  7286 | D:8      | Reached *** piety under Hepliaklqana
  7422 | D:8      | Found an iron altar of Okawaru.
  8161 | D:9      | Noticed a kobold demonologist
  8177 | D:9      | Reached skill level 10 in Long Blades
  8179 | D:9      | Killed a kobold demonologist
  8190 | D:9      | Reached XP level 11. HP: 18/72 MP: 0/0
  8190 | D:9      | Learned a level 4 spell: Passage of Golubria
  8820 | D:9      | Found a staircase to the Orcish Mines.
  9007 | D:9      | Reached skill level 11 in Long Blades
  9276 | D:9      | Found a burning altar of Makhleb.
  9346 | D:10     | Entered Level 10 of the Dungeon
  9438 | D:10     | Found a transporter.
  9444 | D:10     | Noticed osoart's ghost (journeyman MiFi)
  9450 | D:10     | Found a transporter.
  9491 | D:10     | Noticed a two-headed ogre
  9496 | D:10     | Killed a two-headed ogre
  9608 | D:10     | Noticed a two-headed ogre
  9616 | D:10     | Killed a two-headed ogre
  9808 | D:10     | Reached skill level 12 in Long Blades
  9812 | D:10     | Slain by a yak

Illustrated notes

Levels and vault maps discovered:
D:1:      dpeg_arrival_windows_large_door, layout_loops_ring, serial_glass,
          glass_columns_a, glass_columns_b, item_on_display_a,
          item_on_display_a, minmay_strange_pillars,
          dreamdust_ecumenical_altar_grove, st_stairs_7
D:2:      layout_loops_ring
D:3:      layout_rooms, overflow_temple_1_default
D:4:      layout_basic, gammafunk_ghost_abyssal_escape
D:5:      layout_gridville, minmay_temple_entry_hall, nicolae_stop_n_shop_2,
          uniq_ijyb
D:6:      layout_loops_ring, fedhas_altar_decomposition,
          nicolae_elevator_lobby_plus, uniq_eustachio
D:7:      layout_loops_corners, kennysheep_decorative_pillar,
          minmay_stone_trees_medium, uniq_menkaure
D:8:      layout_loops_ring, xom_teletrap_fun, mainiacjoe_overflow_alcove_2
D:9:      layout_roguey [special_room_kobold], nicolae_overflow_hidden_temple,
          hiddenorc2_lemuel, statue_in_the_mist_lemuel
D:10:     layout_roguey, gammafunk_ghost_arena, serial_park_tiny_pond
Temple:   minmay_crystal_spiral_temple

Skill      XL: |  1  2  3  4  5  6  7  8  9 10 11 |
---------------+----------------------------------+-----
Shields        | 1 2 3 4 |  4.0
Spellcasting   | 4 5 |  5.6
Long Blades    | 2 5 8 10 12 | 12.0
Fighting       | 1 4 6 7 9 |  9.3
Dodging        | |  2.1
Stealth        | |  1.5

Action                   |  1- 3 |  4- 6 |  7- 9 | 10-12 || total
-------------------------+-------+-------+-------+-------++-------
Melee: Trident           |     3 |     9 |       |       ||    12
       Unarmed           |     1 |       |       |       ||     1
       Scimitar          |       |       |    29 |    31 ||    60
 Cast: Freeze            |    51 |    28 |     3 |     6 ||    88
       Frozen Ramparts   |     1 |    11 |    22 |    25 ||    59
       Sting             |       |    24 |    19 |       ||    43
       Scorch            |       |     4 |    58 |    29 ||    91
       Summon Ice Beast  |       |     1 |     8 |     6 ||    15
       Searing Ray       |       |       |     8 |    18 ||    26
       Stone Arrow       |       |       |     4 |    61 ||    65
       Ozocubu's Armour  |       |       |       |     2 ||     2
       Passage of Golubr |       |       |       |     1 ||     1
Invok: Ancestor Life: He |       |       |     1 |       ||     1
Evoke: Wand              |       |       |     6 |     3 ||     9
  Use: Scroll            |     1 |     3 |     7 |       ||    11
       Potion            |       |       |       |     1 ||     1
 Stab: Sleeping          |       |     1 |       |     1 ||     2
       Distracted        |       |       |       |     2 ||     2
Armor: Robe              |    12 |     4 |    10 |     9 ||    35
Dodge: Dodged            |    16 |    13 |    28 |    32 ||    89
Block: Buckler           |       |       |    13 |    11 ||    24

Table legend: (Time is in decaauts)
 A = Elapsed time spent in this place.
 B = Non-inter-level travel time spent in this place.
 C = Inter-level travel time spent in this place.
 D = Time resting spent in this place.
 E = Time spent auto-exploring this place.
 F = Levels seen in this place.
 G = Mean time per level.
                   A        B        C        D        E       F      G
               +--------+--------+--------+--------+--------+-----+--------+
         Total |   9845 |   9360 |    485 |    218 |   7915 |  11 |  895.0 |
       Dungeon |   9634 |   9233 |    401 |    218 |   7804 |  10 |  963.4 |
        Temple |    210 |    127 |     83 |      0 |    111 |   1 |  210.0 |
               +--------+--------+--------+--------+--------+-----+--------+

Top non-repeatable levels by time:
     D:9: 1644 daAuts
     D:6: 1438 daAuts
     D:7: 1374 daAuts
     D:2: 910 daAuts
     D:5: 896 daAuts
     D:8: 889 daAuts
     D:4: 756 daAuts
     D:1: 704 daAuts
     D:3: 554 daAuts
    D:10: 466 daAuts
  Temple: 210 daAuts
